 Dungeon Crawl Stone Soup version 0.25-a0-1136-gc1285e62ab (webtiles) character file.

Game seed: 11969496656361185433, levelgen mode: deterministic

221900 omer1ben the Scorcher (level 18, -14/147 HPs)
             Began as a Pale Draconian Fire Elementalist on May 22, 2020.
             Was the Champion of Vehumet.
             Shot with a bolt by a yaktaur (21 damage)
             ... on level 1 of the Vaults on May 23, 2020.
             The game lasted 03:56:03 (50063 turns).

omer1ben the Scorcher (DrFE)                       Turns: 50063, Time: 03:56:03

Health: -14/147    AC: 19    Str: 11    XL:     18   Next: 51%
Magic:  1/34       EV: 16    Int: 28    God:    Vehumet [******]
Gold:   1564       SH: 14    Dex: 16    Spells: 2/41 levels left

rFire    + + .     SeeInvis .   l - staff of fire
rCold    x . .     Gourm    .   D - +3 buckler
rNeg     . . .     Faith    .   (armour unavailable)
rPois    .         Spirit   .   (helmet restricted)
rElec    .         Reflect  +   o - +2 cloak {Stlth+}
rCorr    .         Harm     .   N - +2 pair of gloves {Dex+3}
MR       +....                  c - +2 pair of boots {Stlth+}
Stlth    +++.......             u - amulet of reflection
HPRegen  0.34/turn              z - +6 ring of intelligence
MPRegen  0.24/turn              a - ring of fire

@: lethally poisoned (-14 -> -16), flayed, very slightly contaminated, hasted,
very quick
A: breathe steam, unfitting armour, cold-blooded, AC +10
}: 1/15 runes: serpentine
a: Breathe Steam, Renounce Religion


You were on level 1 of the Vaults.
You worshipped Vehumet.
Vehumet was exalted by your worship.
You were very hungry.

You visited 7 branches of the dungeon, and saw 30 of its levels.
You also visited: Sewer and Ice Cave.

You collected 2849 gold pieces.
You spent 1285 gold pieces at shops.

Inventory:

Missiles
 m - 2 throwing nets (quivered)
Armour
 c - a +2 pair of boots of stealth (worn)
 o - a +2 cloak of stealth (worn)
 w - a +1 kite shield
 D - a +3 buckler (worn)
 K - a +0 tower shield
 N - a +2 pair of gloves of dexterity (worn)
Magical Staves
 e - an uncursed staff of energy
 l - an uncursed staff of fire (weapon)
Jewellery
 a - a ring of fire (right hand)
 u - an amulet of reflection (around neck)
 y - an uncursed ring of magical power
 z - a +6 ring of intelligence (left hand)
 C - an uncursed ring of protection from fire
 W - an uncursed ring of poison resistance
Wands
 f - a wand of iceblast (8)
 v - a wand of enslavement (6)
 x - a wand of disintegration (17)
 M - a wand of clouds (18)
 R - a wand of digging (9)
 T - a wand of paralysis (30)
 U - a wand of acid (17)
Scrolls
 d - 3 scrolls of identify
 g - 6 scrolls of amnesia
 k - a scroll of brand weapon
 r - 3 scrolls of immolation
 s - 19 scrolls of remove curse
 B - 2 scrolls of fear
 I - a scroll of holy word
 O - 3 scrolls of enchant weapon
 Q - 6 scrolls of magic mapping
 Y - a scroll of torment
Potions
 j - 2 potions of invisibility
 n - 16 potions of curing
 q - 3 potions of cancellation
 t - 3 potions of brilliance
 G - a potion of haste
 J - a potion of stabbing
 L - a potion of mutation
 P - 2 potions of ambrosia
 S - a potion of might
 Z - a potion of resistance
Miscellaneous
 i - a lightning rod (4/4)
Comestibles
 b - 12 rations


   Skills:
 - Level 10.0 Fighting
 - Level 4.0 Staves
 - Level 6.0 Dodging
 - Level 1.7 Stealth
 - Level 8.0 Shields
 - Level 12.0 Spellcasting
 + Level 12.6 Conjurations
 - Level 9.0 Summonings
 - Level 6.0 Translocations
 - Level 18.0 Fire Magic
   Level 4.0 Ice Magic
 + Level 13.7 Air Magic
 - Level 4.0 Earth Magic
   Level 3.0 Poison Magic
 - Level 10.0 Evocations


You had 2 spell levels left.
You knew the following spells:

 Your Spells              Type           Power        Failure   Level  Hunger
a - Foxfire               Conj/Fire      ####         0%          1    None
b - Sticky Flame          Conj/Fire      ########     1%          4    None
c - Fireball              Conj/Fire      ########..   1%          5    ###....
d - Bolt of Magma         Conj/Fire/Erth ########..   1%          5    ###....
e - Summon Lightning Spi  Summ/Air       ######..     1%          4    None
f - Blink                 Tloc           N/A          1%          2    None
g - Ignition              Fire           ########..   3%          8    #######
h - Starburst             Conj/Fire      ########..   1%          6    #####..
i - Airstrike             Air            #######...   1%          4    None

Your spell library contained the following spells:

 Spells                   Type           Power        Failure   Level  Hunger
 Fire Storm               Conj/Fire      ########..   80%         9    #######
 Tornado                  Air            #######...   94%         9    #######
 Shatter                  Erth           #####.....   100%        9    #######
 Magic Dart               Conj           ####         0%          1    None
 Shock                    Conj/Air       ####         0%          1    None
 Freeze                   Ice            ####         1%          1    None
 Sting                    Tmut/Pois      ####         1%          1    None
 Summon Small Mammal      Summ           ####         1%          1    None
 Call Imp                 Summ           ######..     1%          2    None
 Poisonous Vapours        Pois/Air       ######       1%          2    None
 Shroud of Golubria       Chrm/Tloc      ####..       1%          2    None
 Swiftness                Chrm/Air       ######..     1%          2    None
 Ensorcelled Hibernation  Hex/Ice        ####..       2%          2    None
 Corona                   Hex            ###....      3%          1    None
 Slow                     Hex            ###.....     4%          2    None
 Conjure Flame            Conj/Fire      ########     0%          3    None
 Call Canine Familiar     Summ           ######..     1%          3    None
 Dazzling Flash           Conj/Hex       ######       1%          3    None
 Frozen Ramparts          Ice            #####.       1%          3    None
 Gell's Gravitas          Tloc           ######....   1%          3    None
 Ignite Poison            Fire/Tmut/Pois #######.     1%          3    None
 Inner Flame              Hex/Fire       ########     1%          3    None
 Mephitic Cloud           Conj/Pois/Air  ######..     1%          3    None
 Static Discharge         Conj/Air       ######..     1%          3    None
 Summon Guardian Golem    Hex/Summ       #####...     1%          3    None
 Hailstorm                Conj/Ice       ######..     1%          4    None
 Lightning Bolt           Conj/Air       ######....   1%          5    ###....
 Portal Projectile        Hex/Tloc       ####..       2%          3    None
 Summon Ice Beast         Ice/Summ       ######..     2%          4    None
 Freezing Cloud           Conj/Ice/Air   ######....   2%          6    #####..
 Ozocubu's Armour         Chrm/Ice       ####....     4%          3    None
 Confusing Touch          Hex            ###.....     10%         3    None
 Tukima's Dance           Hex            ###.....     10%         3    None
 Petrify                  Tmut/Erth      ####....     14%         4    None
 Yara's Violent Unravell  Hex/Tmut       ###.......   22%         5    ###....
 Metabolic Englaciation   Hex/Ice        ####......   36%         5    ###....
 Ring of Flames           Chrm/Fire      ########..   56%         7    ######.
 Malign Gateway           Summ/Tloc      ######....   77%         7    ######.


Dungeon Overview and Level Annotations

Branches:
Dungeon (15/15)            Temple (1/1) D:7            Lair (6/6) D:8
 Shoals (0/4) Lair:2        Snake (4/4) Lair:3        Slime (0/5) Lair:5
    Orc (2/2) D:10            Elf (1/3) Orc:2        Vaults (1/5) D:14
 Depths (0/5) D:15          Sewer (visited)           IceCv (visited)

Altars:
Ashenzari
Cheibriados
Dithmenos
Elyvilon
Fedhas
Gozag
Hepliaklqana
Kikubaaqudgha
Makhleb
Nemelex Xobeh
Okawaru
Qazlal
Ru
Sif Muna
Trog
Uskayaw
Vehumet
Wu Jian
Xom
Yredelemnul
Zin
The Shining One

Shops:
D:4 *   D:6 }   D:12 ?   D:15 ?   Orc:2 [=*(   Snake:3 (}::


Innate Abilities, Weirdness & Mutations

You can breathe blasts of scalding, opaque steam.
Your pale cyan-grey scales are hard. (AC +10)
You cannot fit into any form of body armour.
You are cold-blooded and may be slowed by cold attacks.


Message History

Blink to where?
Press: ? - help, Dir - move target cursor, p - death knight You are very lightly contaminated with residual magic.
As you read the scroll of blinking, it crumbles to dust.
A yaktaur comes into view.
You feel sick.
Okay, then.
Casting: Fireball (safe; 1% risk of failure)
Confirm with . or Enter, or press ? or * to list all spells.
You blink.
The yaktaur shouts!
You feel sick. You block the yaktaur's attack.
You feel sick. You block the yaktaur's attack.
There is an open door here.
You feel yourself speed up.
You feel sick. The yaktaur hits you!
* * * LOW HITPOINT WARNING * * *
The flayed ghost stares at you with tortured malice.
You feel sick.
The yaktaur wields a +0 arbalest.
The yaktaur shoots a bolt.
The bolt hits you!!
You die...

##.# ###'############ #.... #.#
#......# #.... ##.# #...p..#
#.... ##..# #......# #.... #
##...# #...W..# #..). ###..###
#......# #.... .....# #..W...#
#.... ####'########c##########
###.... ................@.......
....... ........................
....... ........................
....... ........................
....... ........................
.......
###########'#################....
#......# #......#.... #......#
#......#W... #......#
#.....)'....


You could see a yaktaur.

Vanquished Creatures
  Jorgrun (Orc:2)
  Rupert (Lair:6)
  Frances (D:13)
  Donald (Snake:1)
  A frost giant (IceCv)
  7 nagarajas
  3 vault wardens (Vaults:1)
  2 orc warlords
  4 ironheart preservers (Vaults:1)
  Nessos (Orc:2)
  Azrael (Orc:2)
  A dire elephant (Lair:6)
  Snorg (Orc:1)
  Harold (D:10)
  A fire dragon (Lair:6)
  A great orb of eyes (Vaults:1)
  16 naga warriors
  9 hydras
  An ice dragon (Vaults:1)
  A vault guard (Vaults:1)
  A centaur warrior (D:14)
  5 anacondas
  10 two-headed ogres
  A rakshasa (Vaults:1)
  Erica (D:8)
  2 catoblepae
  A death knight (D:14)
  An ogre mage (Vaults:1)
  2 death yaks
  Urug (D:12)
  7 shock serpents
  4 orc high priests (Orc:2)
  27 naga sharpshooters
  3 deep elf knights (Vaults:1)
  A salamander mystic (Snake:2)
  2 sea snakes
  2 unseen horrors
  2 wizards
  3 deep elf archers (Vaults:1)
  A flayed ghost (Vaults:1)
  2 necromancers
  2 lindwurms
  A phantasmal warrior (D:14)
  Pikel (D:4)
  4 naga ritualists
  9 mana vipers
  2 orc knights (Orc:2)
  2 ironbrand convokers (Vaults:1)
  A wolf spider zombie (D:11)
  19 ugly things
  A manticore (Lair:2)
  6 orc sorcerers
  4 salamanders
  3 oklob plants
  A cyclops (D:12)
  11 deep elf magi
  7 elephants
  9 guardian serpents
  4 vault sentinels (Vaults:1)
  An ice statue (IceCv)
  2 centaur zombies
  Maurice (Orc:1)
  37 black mambas
  Joseph (D:8)
  16 naga magi
  Psyche (D:8)
  8 spiny frogs
  2 molten gargoyles (Lair:6)
  A kobold demonologist (D:15)
  2 gargoyles
  2 rime drakes
  4 freezing wraiths
  15 komodo dragons
  12 yaktaurs (Vaults:1)
  A queen bee (Lair:3)
  8 trolls
  3 meliai (D:15)
  23 polar bears
  A harpy skeleton (D:15)
  13 slime creatures
  Prince Ribbit (D:8)
  A hornet (D:14)
  12 hippogriffs
  14 blink frogs
  2 wraiths
  2 shadows
  2 vampires
  3 fire elementals
  6 basilisks
  47 yaks
  4 wyverns
  2 golden eyes (shapeshifter)
  4 steam dragons
  2 hungry ghosts (D:10)
  11 vampire mosquitoes
  5 wargs
  52 nagas
  6 hell hounds
  An acid dragon (D:12)
  Duvessa (D:5)
  10 porcupines
  18 water moccasins
  A hornet zombie (D:15)
  23 orc warriors
  11 ice beasts
  2 sky beasts
  2 eyes of draining
  2 black bears
  The ghost of Necrophagist the Covered, an amateur BaFi (D:3)
  7 centaurs
  11 ogres
  32 wolves
  15 crocodiles
  7 big kobolds
  Blork the orc (D:5)
  15 bullfrogs
  Dowan (D:5)
  3 scorpions
  3 troll zombies (D:10)
  9 wights
  34 killer bees
  4 electric eels
  6 howler monkeys
  8 crimson imps
  5 hounds
  5 lava snakes (Lair:6)
  A bullfrog zombie (D:12)
  2 quasits
  6 jellies
  14 orc priests
  A bullfrog skeleton (D:8)
  Crazy Yiuf (D:4)
  5 centaur skeletons
  4 iguanas
  11 worker ants
  18 orc wizards
  A killer bee zombie (D:6)
  5 ogre zombies (D:10)
  A hound skeleton (D:8)
  Robin (D:4)
  15 adders
  6 river rats (Sewer)
  A hound simulacrum (D:3)
  8 shadow imps
  2 howler monkey simulacra (D:3)
  A worker ant simulacrum (D:3)
  2 oozes
  An adder skeleton (D:4)
  A worm (D:6)
  4 dart slugs
  7 leopard geckos
  52 orcs
  13 ball pythons
  7 giant cockroaches
  22 goblins
  12 hobgoblins
  6 jackals
  A quokka (D:7)
  4 bats
  6 frilled lizards
  2 goblin skeletons (D:10)
  3 goblin zombies (D:10)
  A hobgoblin skeleton (D:10)
  2 hobgoblin zombies (D:10)
  A jackal zombie (D:8)
  51 kobolds
  A leopard gecko simulacrum (D:3)
  3 orc skeletons (D:10)
  14 orc zombies (D:10)
  A quokka zombie (D:5)
  24 rats
  7 butterflies (D:8)
  5 fungi
  3 plants (Snake:4)
1149 creatures vanquished.

Vanquished Creatures (collateral kills)
  Vashnia (Snake:4)
  7 nagarajas
  A fire dragon (Vaults:1)
  Erolcha (Orc:1)
  5 naga warriors
  An anaconda (Snake:3)
  A two-headed ogre (D:14)
  4 naga sharpshooters (Snake:4)
  An orc high priest (Orc:2)
  2 salamander mystics
  A naga ritualist (Snake:4)
  A mana viper (Snake:2)
  A guardian serpent (Snake:4)
  7 salamanders
  4 black mambas
  A naga mage (Snake:1)
  A troll (Orc:2)
  9 nagas
  A killer bee (D:9)
  2 crimson imps (D:15)
  2 worker ants (D:14)
  A worm (D:2)
  2 orcs (Orc:1)
  3 rats (Sewer)
60 creatures vanquished.

Vanquished Creatures (others)
  An ironheart preserver (Vaults:1)
  A wolf (IceCv)
  An adder (D:4)
  A jackal (D:4)
  1278 foxfires
  19 fungi
  11 plants
1312 creatures vanquished.

Grand Total: 2521 creatures vanquished

Notes
Turn   | Place    | Note
-------+----------+-------------------------------------------
     0 | D:1      | omer1ben the Draconian Fire Elementalist began the quest
                  | for the Orb.
     0 | D:1      | Reached XP level 1. HP: 14/14 MP: 3/3
   122 | D:1      | Reached XP level 2. HP: 20/20 MP: 0/5
   540 | D:1      | Reached XP level 3. HP: 26/26 MP: 3/6
  1061 | D:2      | You fall into a shaft and drop 2 floors!
  1061 | D:4      | Found a runed translucent door.
  1062 | D:4      | Noticed Crazy Yiuf
  1071 | D:4      | Killed Crazy Yiuf
  1071 | D:4      | Reached XP level 4. HP: 5/33 MP: 0/7
  1663 | D:4      | Found a glowing silver altar of Zin.
  1679 | D:4      | Found a blossoming altar of Fedhas.
  1716 | D:4      | Noticed a slave
  1716 | D:4      | Noticed a slave
  1716 | D:4      | Noticed a slave
  1782 | D:3      | Found a runed translucent gate.
  1783 | D:3      | Found a runed translucent gate.
  1783 | D:3      | Found a runed translucent gate.
  1846 | D:3      | Noticed Necrophagist's ghost (amateur BaFi)
  1853 | D:3      | Reached skill level 4 in Fire Magic
  1853 | D:3      | Reached XP level 5. HP: 38/38 MP: 1/8
  2192 | D:3      | Noticed an ogre
  2200 | D:3      | Killed an ogre
  2505 | D:2      | Learned a level 4 spell: Sticky Flame
  2599 | D:2      | Reached XP level 6. HP: 45/45 MP: 6/9
  3383 | D:3      | Reached skill level 5 in Conjurations
  3383 | D:3      | Reached skill level 5 in Fire Magic
  3964 | D:3      | Killed Necrophagist's ghost
  4091 | D:4      | Noticed Robin
  4147 | D:4      | Killed Robin
  4237 | D:4      | Found Viogg's General Store.
  4242 | D:4      | Bought a +0 buckler for 45 gold pieces
  4242 | D:4      | Bought a potion of might for 40 gold pieces
  4396 | D:4      | Noticed Pikel
  4411 | D:4      | Noticed a slave
  4430 | D:3      | Your scales start taking on a pale cyan-grey colour.
  4430 | D:3      | Reached skill level 6 in Fire Magic
  4430 | D:3      | Reached XP level 7. HP: 34/50 MP: 10/10
  4548 | D:4      | Killed Pikel
  4715 | D:4      | Found an ancient bone altar of Kikubaaqudgha.
  4715 | D:4      | Found a white marble altar of Elyvilon.
  4716 | D:4      | Found a sparkling altar of Nemelex Xobeh.
  4716 | D:4      | Found an iron altar of Okawaru.
  4719 | D:4      | Found a shimmering altar of Xom.
  4720 | D:4      | Found a basalt altar of Yredelemnul.
  4940 | D:5      | Entered Level 5 of the Dungeon
  4944 | D:5      | Reached XP level 8. HP: 57/57 MP: 8/11
  4961 | D:5      | Noticed Duvessa
  4962 | D:5      | Noticed Dowan
  4972 | D:5      | Killed Duvessa
  4972 | D:5      | Reached skill level 7 in Fire Magic
  4972 | D:5      | Killed Dowan
  5173 | D:5      | Noticed Blork the orc
  5179 | D:5      | Killed Blork the orc
  5179 | D:5      | Reached skill level 1 in Evocations
  5773 | D:6      | Found an iron altar of Okawaru.
  5874 | D:6      | Found a glowing drain.
  5897 | Sewer    | Entered a sewer
  6288 | Sewer    | Reached skill level 5 in Evocations
  7089 | D:6      | Found Etoizib's Gadget Shop.
  7423 | D:6      | Reached XP level 9. HP: 62/62 MP: 9/13
  7602 | D:7      | Reached skill level 8 in Fire Magic
  7728 | D:7      | Reached skill level 1 in Fighting
  7947 | D:7      | Found a burning altar of Makhleb.
  8036 | D:7      | Found a staircase to the Ecumenical Temple.
  8046 | Temple   | Entered the Ecumenical Temple
  8230 | Temple   | Became a worshipper of Vehumet
  8237 | Temple   | Learned a level 5 spell: Fireball
  9095 | D:8      | Reached skill level 9 in Fire Magic
  9110 | D:8      | Noticed Erica
  9257 | D:8      | Noticed Prince Ribbit
  9275 | D:8      | Killed Prince Ribbit
  9336 | D:8      | Noticed Psyche
  9339 | D:8      | Killed Psyche
  9358 | D:8      | Reached skill level 10 in Fire Magic
  9654 | D:8      | Noticed Joseph
  9719 | D:8      | Noticed a white ugly thing
  9800 | D:8      | Reached XP level 10. HP: 77/77 MP: 9/14
  9892 | D:8      | Killed a white ugly thing
  9892 | D:8      | Reached * piety under Vehumet
  9892 | D:8      | Offered knowledge of Shock by Vehumet.
  9970 | D:8      | Noticed an elephant
  9985 | D:8      | Killed an elephant
 10001 | D:8      | Found a staircase to the Lair.
 10001 | D:8      | Noticed a death yak
 10168 | D:8      | Killed Joseph
 10316 | D:8      | Killed Erica
 10316 | D:8      | Reached skill level 5 in Fighting
 10378 | D:8      | Offered knowledge of Searing Ray by Vehumet.
 10536 | D:8      | Reached ** piety under Vehumet
 10721 | D:8      | Found a runed translucent door.
 10725 | D:8      | Found a runed translucent door.
 10741 | D:8      | Reached skill level 5 in Spellcasting
 11066 | D:9      | Learned a level 2 spell: Searing Ray
 11081 | D:9      | Learned a level 3 spell: Frozen Ramparts
 11124 | D:9      | You fall into a shaft and drop 2 floors!
 11144 | D:11     | Identified a scroll of acquirement
 11724 | D:11     | Noticed a gargoyle
 11749 | D:11     | Killed a gargoyle
 11918 | D:11     | Reached XP level 11. HP: 69/86 MP: 17/21
 11943 | D:11     | Offered knowledge of Ignite Poison by Vehumet.
 12354 | D:11     | Noticed a wizard
 12358 | D:11     | Killed a wizard
 12358 | D:11     | Reached *** piety under Vehumet
 12358 | D:11     | Reached skill level 1 in Ice Magic
 12386 | D:11     | Learned a level 2 spell: Blink
 12390 | D:11     | Learned a level 3 spell: Mephitic Cloud
 12582 | D:10     | Entered Level 10 of the Dungeon
 12620 | D:10     | Reached skill level 1 in Translocations
 12620 | D:10     | Reached skill level 1 in Air Magic
 12620 | D:10     | Reached skill level 1 in Poison Magic
 12802 | D:10     | Offered knowledge of Iskenderun's Mystic Blast by Vehumet.
 12849 | D:10     | Reached **** piety under Vehumet
 13011 | D:10     | Found a staircase to the Orcish Mines.
 13051 | D:10     | Noticed Harold
 13062 | D:10     | Killed Harold
 13279 | D:10     | Offered knowledge of Lightning Bolt by Vehumet.
 14229 | D:9      | Found a sacrificial altar of Ru.
 15133 | D:12     | Reached skill level 11 in Fire Magic
 15151 | D:12     | Reached XP level 12. HP: 63/94 MP: 11/23
 15220 | D:12     | Noticed Urug
 15236 | D:12     | Killed Urug
 15305 | D:12     | Reached skill level 5 in Shields
 15408 | D:12     | Paralysed by an orc for 7 turns
 15604 | D:12     | Noticed a two-headed ogre
 15616 | D:12     | Killed a two-headed ogre
 15718 | D:12     | Noticed a two-headed ogre
 15733 | D:12     | Killed a two-headed ogre
 15733 | D:12     | Reached ***** piety under Vehumet
 15733 | D:12     | Offered knowledge of Starburst by Vehumet.
 15741 | D:12     | Learned a level 6 spell: Starburst
 15751 | D:12     | Learned a level 4 spell: Airstrike
 15875 | D:12     | Found Wamoj's Magic Scroll Shop.
 15884 | D:12     | Bought a scroll of teleportation for 42 gold pieces
 15897 | D:12     | Bought a scroll of identify for 28 gold pieces
 15897 | D:12     | Bought a scroll of magic mapping for 49 gold pieces
 15898 | D:12     | Bought a scroll of identify for 28 gold pieces
 15898 | D:12     | Bought a scroll of identify for 28 gold pieces
 16005 | D:12     | Reached skill level 5 in Air Magic
 16432 | D:13     | Noticed a five-headed hydra
 16824 | D:13     | Killed a five-headed hydra
 16917 | D:13     | Noticed Frances
 17330 | D:13     | Noticed a five-headed hydra
 17537 | D:8      | Killed a death yak
 17704 | Lair:1   | Entered Level 1 of the Lair of Beasts
 17704 | Lair:1   | Noticed a four-headed hydra
 17707 | Lair:1   | Killed a four-headed hydra
 18783 | Lair:2   | Found a staircase to the Shoals.
 18857 | Lair:2   | Reached XP level 13. HP: 107/107 MP: 0/25
 20128 | Lair:2   | Got a fine dagger
 20137 | Lair:2   | Identified the +7 dagger of Pain and Death {distort,
                  | *Corrode rF+++ Dex+2 Stlth+} (You found it on level 2 of
                  | the Lair of Beasts)
 20463 | Lair:3   | You fall into a shaft and drop 2 floors!
 20574 | Lair:3   | Found a staircase to the Snake Pit.
 20610 | Lair:3   | Found a frozen archway.
 20645 | IceCv    | Entered an ice cave
 21163 | IceCv    | Reached skill level 12 in Fire Magic
 21402 | IceCv    | Offered knowledge of Fulminant Prism by Vehumet.
 21707 | IceCv    | Reached skill level 10 in Conjurations
 22054 | IceCv    | Noticed a frost giant
 22275 | IceCv    | Reached skill level 10 in Spellcasting
 22764 | IceCv    | Killed a frost giant
 23187 | Lair:3   | Reached skill level 5 in Dodging
 23279 | Lair:3   | Offered knowledge of Bolt of Magma by Vehumet.
 24022 | Lair:4   | Reached XP level 14. HP: 110/115 MP: 26/28
 24572 | Lair:4   | Reached skill level 13 in Fire Magic
 24620 | Lair:4   | Learned a level 5 spell: Bolt of Magma
 25743 | Lair:5   | Reached skill level 14 in Fire Magic
 25901 | Lair:5   | Found a staircase to the Slime Pits.
 26241 | Lair:6   | Entered Level 6 of the Lair of Beasts
 26690 | Lair:6   | Noticed Rupert
 26695 | Lair:6   | Reached skill level 15 in Fire Magic
 26698 | Lair:6   | Killed Rupert
 27345 | Lair:6   | Reached skill level 16 in Fire Magic
 27629 | Lair:6   | Found a large runed translucent door.
 27881 | Lair:6   | Learned a level 4 spell: Airstrike
 28937 | Lair:6   | Found a large runed translucent door.
 29464 | Orc:1    | Entered Level 1 of the Orcish Mines
 29464 | Orc:1    | Noticed an orc warlord
 29477 | Orc:1    | Noticed Snorg
 29478 | Orc:1    | Offered knowledge of Iskenderun's Battlesphere by Vehumet.
 29481 | Orc:1    | Noticed Maurice
 29483 | Orc:1    | Killed Snorg
 29485 | Orc:1    | Killed Maurice
 29497 | Orc:1    | Noticed Erolcha
 30021 | D:13     | Reached XP level 15. HP: 121/121 MP: 29/29
 30863 | D:14     | Learned a level 4 spell: Summon Lightning Spire
 30995 | D:14     | Reached skill level 1 in Earth Magic
 31342 | D:14     | Reached skill level 1 in Summonings
 31348 | D:14     | Found a gate to the Vaults.
 31810 | D:14     | Learned a level 8 spell: Ignition
 31830 | D:15     | Entered Level 15 of the Dungeon
 32387 | D:15     | Found Uziqoal's Magic Scroll Boutique.
 32399 | D:15     | Bought a scroll of teleportation for 33 gold pieces
 32399 | D:15     | Bought a scroll of magic mapping for 38 gold pieces
 32399 | D:15     | Bought 2 scrolls of amnesia for 77 gold pieces
 32463 | D:15     | Reached skill level 5 in Summonings
 32922 | D:15     | Found a staircase to the Depths.
 33126 | D:13     | Killed Frances
 33126 | D:13     | Reached skill level 1 in Staves
 33436 | Orc:1    | Killed an orc warlord
 33440 | Orc:1    | Killed Erolcha
 33922 | Orc:2    | Entered Level 2 of the Orcish Mines
 33922 | Orc:2    | Found Konekhlan's General Store.
 33922 | Orc:2    | Noticed Jorgrun
 33923 | Orc:2    | Noticed an orc warlord
 33929 | Orc:2    | Killed Jorgrun
 34066 | Orc:2    | Killed an orc warlord
 34066 | Orc:2    | Reached ****** piety under Vehumet
 34066 | Orc:2    | Offered knowledge of Lee's Rapid Deconstruction by Vehumet.
 34070 | Orc:2    | Noticed Nessos
 34145 | Orc:2    | Killed Nessos
 34312 | Orc:2    | Reached XP level 16. HP: 123/129 MP: 10/31
 34412 | Orc:2    | Noticed Azrael
 34631 | Orc:2    | Killed Azrael
 34821 | Orc:2    | Found Pamah's Jewellery Emporium.
 34911 | Orc:2    | Found Siutih's Antique Armour Emporium.
 34919 | Orc:2    | Bought a pair of glowing boots for 150 gold pieces
 35028 | Orc:2    | Found a staircase to the Elven Halls.
 35119 | Orc:2    | Found Vegaocra's Antique Weapon Boutique.
 35120 | Orc:2    | Paralysed by fainting for 9 turns
 35831 | Orc:2    | Bought an uncursed amulet of reflection for 420 gold pieces
 35861 | Orc:2    | Bought a wand of paralysis (11) for 195 gold pieces
 35861 | Orc:2    | Bought a scroll of blinking for 112 gold pieces
 36004 | Snake:1  | Entered Level 1 of the Snake Pit
 37001 | Snake:1  | Noticed Donald
 37010 | Snake:1  | Killed Donald
 37162 | Snake:1  | Identified the Disquisition on Toxic Dislocation
 37871 | Snake:2  | Found a shattered altar of Ashenzari.
 37874 | Snake:2  | Offered knowledge of Iron Shot by Vehumet.
 37875 | Snake:2  | Reached skill level 10 in Fighting
 38507 | Snake:1  | Upgraded the game from 0.25-a0-1133-g93ebf739aa to
                  | 0.25-a0-1136-gc1285e62ab
 38968 | Snake:2  | Reached skill level 10 in Air Magic
 40069 | Snake:3  | Found Fobaes's Book Shop.
 40072 | Snake:3  | Found Ketainarch's Book Shop.
 40072 | Snake:3  | Found Otidyb's Gadget Boutique.
 40075 | Snake:3  | Found Kytwueqopt's Antique Weapon Boutique.
 40556 | Snake:3  | Reached skill level 5 in Translocations
 41052 | Snake:3  | Offered knowledge of Chain Lightning by Vehumet.
 41351 | Snake:3  | Reached skill level 17 in Fire Magic
 41520 | Snake:3  | Reached XP level 17. HP: 125/140 MP: 30/33
 41814 | Snake:4  | Entered Level 4 of the Snake Pit
 41873 | Snake:4  | Found a glowing golden altar of the Shining One.
 43783 | Snake:4  | Reached skill level 18 in Fire Magic
 44666 | Snake:4  | Offered knowledge of Fire Storm by Vehumet.
 44666 | Snake:4  | Offered knowledge of Shatter by Vehumet.
 44666 | Snake:4  | Offered knowledge of Tornado by Vehumet.
 45593 | Snake:4  | Noticed Vashnia
 46234 | Snake:4  | Killed Vashnia
 46234 | Snake:4  | Reached XP level 18. HP: 121/147 MP: 1/34
 46433 | Snake:4  | Got a serpentine rune of Zot
 47420 | Elf:1    | Entered Level 1 of the Elven Halls
 48749 | Vaults:1 | Entered Level 1 of the Vaults
 49387 | Vaults:1 | Reached skill level 10 in Evocations
 49722 | Vaults:1 | Learned a level 4 spell: Airstrike
 50060 | Vaults:1 | HP: 7/147 [yaktaur (17)]
 50063 | Vaults:1 | Shot with a bolt by a yaktaur

Illustrated notes

Levels and vault maps discovered:
D:1:      minmay_arrival_radiant_lines, layout_rooms
D:2:      layout_rooms, minmay_pentomino_t4
D:3:      layout_loops_corners, gammafunk_ghost_icy, guppyfry_early_orc_mine
D:4:      layout_loops_ring, minitemple, serial_shops, kennysheep_little_box,
          first_ration, uniq_pikel, uniq_robin, uniq_crazy_yiuf_cottage
D:5:      layout_loops_ring, small_statue_intersection, chequers_mini_garden,
          uniq_duvessa, uniq_blork_the_orc
D:6:      layout_loops_corners, serial_shops, nicolae_shop_statue_plus,
          cheibrodos_sewer_entry_bend, kennysheep_okawaru_gauntlet
D:7:      layout_cave_pods, overflow_temple_1_default,
          minmay_temple_entry_gardened_gates, grunt_decor_mini_mirrors,
          chequers_serial_rivers_micro_a, kennysheep_small_spiral
D:8:      lemuel_insect_pit, layout_rooms, david_lair_generic,
          uniq_prince_ribbit1, uniq_joseph, uniq_psyche, uniq_erica
D:9:      layout_roguey, nicolae_ru_path_of_blood, blue_anna_alchemist
          [blue_anna_fruit_fields, blue_anna_fruit_fields],
          minmay_stone_trees_small
D:10:     layout_long_grid, zombieorc2_lemuel, roderic_serpentine_path,
          uniq_harold
D:11:     layout_big_octagon, lightli_wizard_tower
D:12:     layout_roguey, serial_shops, nicolae_shop_competitors_out_of_business,
          uniq_urug
D:13:     layout_roguey, uniq_frances
D:14:     layout_layer_cave, david_vaults_1, hangedman_abyss_or_decor_passed
D:15:     grunt_enter_depths_magical_seal, layout_small_grid, abandoned_shop,
          serial_shops, nicolae_shop_stone
Temple:   minmay_temple_bridge_abc
Lair:1:   layout_regular_city
Lair:2:   layout_misc_corridors, minmay_shoals_entry_beasts, nzn_random_ring
Lair:3:   layout_roguey [special_room_bee], dummy_snake_entry,
          portal_ice_cave_entry_ice_beasts, st_stairs_6,
          chequers_serial_rivers_room_a
Lair:4:   layout_regular_city
Lair:5:   layout_roguey, minmay_slime_entry_pillars,
          nicolae_quartered_pool_medium
Lair:6:   cheibrodos_lair_end_hotspot, layout_layer_cave, uniq_rupert
Snake:1:  layout_basic, corexii_hall_statues_i, uniq_donald
Snake:2:  layout_cave_shapes, basic_altar, st_stairs_1, nicolae_snake_springs
Snake:3:  layout_gridlike, st_stairs_6, nrook_guardian_serpent_double,
          minmay_shoptagon
Snake:4:  grunt_snake_rune_spirals, layout_concentric_octagons, st_stairs_11,
          lemuel_oklob_altar, lemuel_fruit_tree, uniq_vashnia
Orc:1:    layout_diamond_mine, uniq_maurice, uniq_erolcha, uniq_snorg
Orc:2:    grunt_orc_gardens, layout_caves, grunt_orc_garden, grunt_orc_garden,
          grunt_orc_garden, grunt_orc_garden, uniq_azrael, uniq_jorgrun,
          uniq_nessos
Elf:1:    elf_arrival_001, layout_loops_corners, minivault_28, solitary_fountain
Vaults:1: vaults_room_fours, v_misc_23, vaults_standard_mumra_lines,
          ontoclasm_vaults_pinch, nicolae_vaults_network_s, v_misc_25,
          hangedman_vaults_hat, nicolae_vaults_twisting_passages,
          ontoclasm_vaults_chip, v_misc_8, nicolae_vaults_asterisk,
          layout_vaults_big_cross

Skill      XL: |  1  2  3  4  5  6  7  8  9 10 11 12 13 14 15 16 17 18 |
---------------+-------------------------------------------------------+-----
Conjurations   | 2 3 4 5 6 7 8 9 10 11 12 | 12.6
Fire Magic     | 4 6 7 10 11 12 16 17 18 | 18.0
Shields        | 4 6 8 |  8.0
Evocations     | 5 7 8 10 | 10.0
Spellcasting   | 3 6 7 8 10 11 12 | 12.0
Fighting       | 3 5 8 10 | 10.0
Ice Magic      | 4 |  4.0
Translocations | 4 5 6 |  6.0
Air Magic      | 4 6 9 10 12 13 | 13.7
Poison Magic   | 3 |  3.0
Dodging        | 5 6 |  6.0
Earth Magic    | 4 |  4.0
Summonings     | 8 9 |  9.0
Staves         | 3 4 |  4.0
Stealth        | |  1.7

Action                   |  1- 3 |  4- 6 |  7- 9 | 10-12 | 13-15 | 16-18 || total
-------------------------+-------+-------+-------+-------+-------+-------++-------
Melee: Club              |    26 |       |       |       |       |       ||    26
       Tailslap          |     4 |     8 |     8 |    16 |    29 |    24 ||    89
       Dagger            |     4 |   100 |   101 |    22 |       |       ||   227
       Staff             |       |       |       |   132 |   272 |   193 ||   597
Throw: Throwing net      |       |       |       |       |     1 |       ||     1
 Cast: Foxfire           |    52 |   120 |   169 |   226 |   155 |    46 ||   768
       Sticky Flame      |       |       |     9 |    59 |   129 |    73 ||   270
       Fireball          |       |       |       |    69 |   112 |   179 ||   360
       Searing Ray       |       |       |       |    11 |       |       ||    11
       Mephitic Cloud    |       |       |       |    10 |    17 |       ||    27
       Blink             |       |       |       |     6 |     9 |    19 ||    34
       Airstrike         |       |       |       |    21 |    21 |       ||    42
       Starburst         |       |       |       |     2 |    49 |    23 ||    74
       Bolt of Magma     |       |       |       |       |    31 |    41 ||    72
       Ignition          |       |       |       |       |    21 |    64 ||    85
       Summon Lightning  |       |       |       |       |    12 |    67 ||    79
 Abil: Breathe Steam     |       |       |    15 |    26 |    30 |    27 ||    98
Evoke: Wand              |       |       |       |     9 |     4 |     3 ||    16
       Lightning rod     |       |       |       |     4 |       |       ||     4
       Staff of energy   |       |       |       |       |       |    13 ||    13
  Use: Potion            |       |     6 |     3 |       |     9 |    12 ||    30
       Scroll            |       |     5 |     4 |    11 |    22 |    18 ||    60
 Stab: Sleeping          |     1 |     1 |     3 |     1 |     1 |       ||     7
       Distracted        |       |       |       |       |     2 |     4 ||     6
  Eat: Chunk             |     1 |    10 |    13 |    36 |    55 |    30 ||   145
       Ration            |       |     1 |     2 |     7 |    15 |    26 ||    51
Armor: Skin              |     9 |    39 |    43 |   109 |   167 |   156 ||   523
Dodge: Dodged            |    33 |    83 |    88 |   162 |   437 |   250 ||  1053
Block: Buckler           |       |       |    40 |   113 |   229 |   307 ||   689
       Reflection        |       |       |       |       |       |    65 ||    65

Table legend:
 A = Non-vault XP
 B = Vault XP
 C = Vault XP percentage of total XP
 D = Non-vault monster count
 E = Vault monster count
 F = Vault count percentage of total count
                 A         B        C        D         E       F
            +---------+---------+-------+---------+---------+-------
      Total |  183602 |  151149 |  45.2 |     733 |     462 |  38.7
            +---------+---------+-------+---------+---------+-------
        D:1 |      47 |       0 |   0.0 |      20 |       0 |   0.0
        D:2 |      67 |       8 |  10.7 |      24 |       4 |  14.3
        D:3 |     350 |     179 |  33.8 |      31 |      14 |  31.1
        D:4 |      47 |     699 |  93.7 |      11 |      11 |  50.0
        D:5 |      81 |     317 |  79.6 |       5 |       3 |  37.5
        D:6 |     757 |       9 |   1.2 |      16 |       3 |  15.8
        D:7 |    1048 |       0 |   0.0 |      15 |       0 |   0.0
        D:8 |    2647 |    3673 |  58.1 |      68 |      15 |  18.1
        D:9 |    2137 |     100 |   4.5 |      40 |       1 |   2.4
       D:10 |    2898 |    1770 |  37.9 |      17 |      37 |  68.5
       D:11 |    2636 |     768 |  22.6 |      27 |       2 |   6.9
       D:12 |    7617 |     843 |  10.0 |      38 |       1 |   2.6
       D:13 |    6934 |    1968 |  22.1 |      27 |       1 |   3.6
       D:14 |   10244 |    3060 |  23.0 |      29 |       4 |  12.1
       D:15 |   11397 |    3802 |  25.0 |      28 |       9 |  24.3
     Lair:1 |    2807 |       0 |   0.0 |      10 |       0 |   0.0
     Lair:2 |    2617 |    3763 |  59.0 |      11 |      13 |  54.2
     Lair:3 |    6238 |    2926 |  31.9 |      24 |      34 |  58.6
     Lair:4 |    3690 |       0 |   0.0 |      10 |       0 |   0.0
     Lair:5 |    8321 |     838 |   9.1 |      26 |       4 |  13.3
     Lair:6 |   13156 |   10437 |  44.2 |      45 |      28 |  38.4
    Snake:1 |   14671 |    2065 |  12.3 |      32 |       1 |   3.0
    Snake:2 |   12818 |    3208 |  20.0 |      30 |      17 |  36.2
    Snake:3 |   22026 |    2345 |   9.6 |      35 |       5 |  12.5
    Snake:4 |   14070 |   63757 |  81.9 |      32 |      97 |  75.2
      Orc:1 |    2571 |    2938 |  53.3 |      24 |       5 |  17.2
      Orc:2 |    2286 |   16442 |  87.8 |      13 |      33 |  71.7
      Elf:1 |     611 |    1669 |  73.2 |       1 |       3 |  75.0
   Vaults:1 |   28813 |    9668 |  25.1 |      44 |      14 |  24.1
      Sewer |       0 |     250 | 100.0 |       0 |      48 | 100.0
      IceCv |       0 |   13647 | 100.0 |       0 |      55 | 100.0
            +---------+---------+-------+---------+---------+-------
